 Dungeon Crawl Stone Soup version 0.30-a0-50-gb2d611f6b1 (webtiles) character file.

Game seed: 6746836078094603931

22 gruber the Grave Robber (level 2, -3/19 HPs)
             Began as a Mummy Necromancer on Sept 4, 2022.
             Slain by Sigmund
             ... wielding a +0 scythe
              (10 damage)
             ... on level 2 of the Dungeon.
             The game lasted 00:01:20 (1431 turns).

gruber the Grave Robber (Mummy Necromancer)         Turns: 1431, Time: 00:01:21

Health: -3/19      AC:  2    Str: 11    XL:     2   Next: 68%
Magic:  3/6        EV: 12    Int: 14    God:
Gold:   78         SH:  0    Dex: 12    Spells: 6/7 levels left

rFire   x . .      SeeInvis .    (no weapon)
rCold   + . .      Faith    .    (no shield)
rNeg    + + +      Spirit   .    a - +0 robe
rPois   ∞          Reflect  .    (no helmet)
rElec   .          Harm     .    (no cloak)
rCorr   .          Rampage  .    (no gloves)
Will    .....                    (no boots)
Stlth   ++........               (no amulet)
HPRegen 0.06/turn                (no ring)
MPRegen 0.10/turn                (no ring)

@: no status effects
A: cold resistance 1, negative energy resistance 3, torment resistance 2, heat
vulnerability 1, no potions
a: no special abilities


You were on level 2 of the Dungeon.
You visited 1 branch of the dungeon, and saw 2 of its levels.

You collected 78 gold pieces.

Inventory:

Armour
 a - a +0 robe (worn)
Jewellery
 d - a ring of fire
Scrolls
 b - a scroll of fog {unknown}
 c - a scroll of teleportation {unknown}
 e - a scroll of blinking {unknown}
 f - a scroll of identify {unknown}


   Skills:
 - Level 1.5 Dodging
 - Level 1.5 Stealth
 + Level 3.1 Spellcasting
 + Level 4.6 Necromancy


You had 6 spell levels left.
You knew the following spells:

 Your Spells              Type           Power      Damage    Failure   Level
a - Necrotise             Necr           60%        1d7       3%          1

Your spell library contained the following spells:

 Spells                   Type           Power      Damage    Failure   Level
 Vampiric Draining        Necr           15%        2d7       10%         3
 Animate Dead             Necr           15%        N/A       30%         4
 Poisonous Vapours        Pois/Air       4%         N/A       32%         2
 Agony                    Necr           15%        N/A       65%         5
 Hailstorm                Conj/Ice       2%         3d3       91%         4
 Summon Ice Beast         Ice/Summ       2%         N/A       91%         4
 Alistair's Intoxication  Tmut/Pois      1%         N/A       99%         5


Dungeon Overview and Level Annotations

Branches:
Dungeon (2/15)

Altars:

Annotations:
D:2 Sigmund, Terence


Innate Abilities, Weirdness & Mutations

You are immune to poison.
Your flesh is cold resistant. (rC+)
You are immune to negative energy. (rN+++)
You are immune to unholy pain and torment.
You are vulnerable to heat. (rF-)
You do not drink.


Message History

Casting: Necrotise (safe; 3% risk of failure)
Confirm with . or Enter, or press ? or * to list all spells.
Aiming: Necrotise (safe; 3% risk of failure)
Press: ? - help, Shift-Dir - straight line, f/p - Terence
Aim: Terence, wielding a +6 trident of venom and wearing a +0 ring mail (moderately wounded, chance to affect: 79%) Sigmund writhes in agony.
Terence looks scornfully at you.
Unknown command.
A bat comes into view.
You closely miss the bat. The bat barely misses you.
Sigmund casts a spell at you. The magic dart hits you!
The bat hits you but does no damage. The bat hits you but does no damage.
The bat closely misses you. The bat closely misses you.
The bat attacks as you move away! The bat misses you.
The bat barely misses you. The bat hits you but does no damage.
The bat closely misses you. The bat hits you but does no damage.
A frilled lizard comes into view.
The frilled lizard hisses angrily.
The bat hits you. Sigmund gestures at you while chanting.
You are confused.
Sigmund mumbles some strange words.
Sigmund flickers and vanishes!
Deactivating autopickup; reactivate with Ctrl-A.
The bat hits you but does no damage. The frilled lizard closely misses you.
You're too confused to cast spells.
Sorry, you're not good enough to have a special ability.
You barely miss the frilled lizard. The bat hits you but does no damage.
The frilled lizard bites you.
You miss the frilled lizard. The bat barely misses you.
The frilled lizard bites you.
You bump into the rock wall.
The bat hits you. The frilled lizard bites you.
You're too confused to move!
You feel less confused. The bat barely misses you. Something hits you!
Ouch! That really hurt!
You die...

###. ##...##
#.# ...# .#
##+##
#@#####.### #
#.@.......#
#####.##### #@#
#@# #.#
..#.#########.#
......l@..@...#
.##.#####b#####
#..# #++#


You could see Terence, a bat and a frilled lizard.

Vanquished Creatures
  2 dart slugs (D:1)
  3 bats (D:1)
  An endoplasm (D:1)
  A giant cockroach (D:1)
  A goblin (D:2)
  A hobgoblin (D:1)
  3 kobolds (D:1)
  3 ball pythons
  A rat (D:1)
16 creatures vanquished.

Vanquished Creatures (collateral kills)
  A rat (D:2)
1 creature vanquished.

Grand Total: 17 creatures vanquished

Notes
Turn   | Place    | Note
-------+----------+-------------------------------------------
     0 | D:1      | gruber the Mummy Necromancer began the quest for the Orb.
     0 | D:1      | Reached XP level 1. HP: 13/13 MP: 4/4
   348 | D:1      | Reached XP level 2. HP: 19/19 MP: 2/5
  1240 | D:1      | Got Ehilliux's Commentary on the Gelid Black Widow
  1392 | D:2      | Noticed Terence
  1392 | D:2      | Noticed Sigmund
  1431 | D:2      | Slain by Sigmund

Illustrated notes

Levels and vault maps discovered:
D:1:      minmay_arrival_cross, layout_basic
D:2:      layout_loops_corners, amcnicky_mini_pool_small,
          kennysheep_generic_room_3, uniq_sigmund, uniq_terence

Skill      XL: |  1  2 |
---------------+-------+-----
Spellcasting   | 3 |  3.1
Dodging        | |  1.5
Stealth        | |  1.5
Necromancy     | |  4.6

Action                   || total
-------------------------++-------
Melee: Unarmed           ||     3
 Cast: Necrotise         ||    36
Armor: Robe              ||     6
Dodge: Dodged            ||    19

Table legend: (Time is in decaauts)
 A = Elapsed time spent in this place.
 B = Non-inter-level travel time spent in this place.
 C = Inter-level travel time spent in this place.
 D = Time resting spent in this place.
 E = Time spent auto-exploring this place.
 F = Levels seen in this place.
 G = Mean time per level.
                   A        B        C        D        E       F      G
               +--------+--------+--------+--------+--------+-----+--------+
         Total |   1430 |   1382 |     48 |      0 |   1258 |   2 |  715.0 |
       Dungeon |   1430 |   1382 |     48 |      0 |   1258 |   2 |  715.0 |
               +--------+--------+--------+--------+--------+-----+--------+

Top non-repeatable levels by time:
     D:1: 1381 daAuts
     D:2: 49 daAuts
